 Dungeon Crawl Stone Soup version 0.27-a0-1242-ge70438ac7b (webtiles) character file.

Game seed: 2025320331319119549

448 Kinoniko the Chopper (level 7, 0/59 HPs)
             Began as a Gnoll Berserker on June 9, 2021.
             Was a Believer of Trog.
             Slain by an orc warrior
             ... wielding a +0 short sword
              (4 damage)
             ... on level 4 of the Dungeon.
             The game lasted 00:03:07 (3453 turns).

Kinoniko the Chopper (Gnoll Berserker)              Turns: 3453, Time: 00:03:08

Health: 0/59       AC:  9    Str: 18    XL:     7   Next: 3%
Magic:  10/10      EV:  9    Int:  6    God:    Trog [**....]
Gold:   191        SH:  0    Dex: 12    Spells: 10/10 levels left

rFire    . . .     SeeInvis .   a - +0 hand axe
rCold    . . .     Faith    .   (no shield)
rNeg     . . .     Spirit   .   l - +0 chain mail
rPois    .         Reflect  .   (no helmet)
rElec    .         Harm     .   (no cloak)
rCorr    .         Rampage  .   (no gloves)
Will     ++...                  (no boots)
Stlth    ..........             c - amulet of the acrobat
HPRegen  1.19/turn              (no ring)
MPRegen  0.12/turn              (no ring)

@: strong-willed, on berserk cooldown, regenerating, slowed, very slow
A: fangs 1, strong nose, distributed training
a: Renounce Religion, Berserk, Trog's Hand


You were on level 4 of the Dungeon.
You worshipped Trog.
Trog was pleased with you.
You visited 1 branch of the dungeon, and saw 4 of its levels.

You collected 191 gold pieces.

Inventory:

Hand Weapons
 a - a +0 hand axe (weapon)
Armour
 l - a +0 chain mail (worn)
Jewellery
 c - an amulet of the acrobat (around neck)
Wands
 n - a wand of flame (24)
Scrolls
 e - a scroll of vulnerability {unknown}
 f - a scroll of magic mapping {unknown}
 g - a scroll of enchant weapon {unknown}
 i - a scroll of blinking {unknown}
 j - a scroll of teleportation {unknown}
 k - a scroll of enchant armour {unknown}
 m - a scroll of amnesia {unknown}
Potions
 b - a potion of cancellation {unknown}
 d - a potion of lignification {unknown}
 h - a potion of curing {unknown}


   Skills:
 + Level 6.9 Fighting
 + Level 2.2 Short Blades
 + Level 2.2 Long Blades
 + Level 6.9 Axes
 + Level 2.2 Maces & Flails
 + Level 2.2 Polearms
 + Level 2.2 Staves
 + Level 2.2 Slings
 + Level 2.2 Bows
 + Level 2.2 Crossbows
 + Level 2.2 Throwing
 + Level 5.1 Armour
 + Level 5.1 Dodging
 + Level 2.2 Stealth
 + Level 2.2 Shields
 + Level 2.2 Unarmed Combat
 + Level 2.2 Spellcasting
 + Level 1.8 Conjurations
 + Level 1.8 Hexes
 + Level 1.8 Summonings
 + Level 1.8 Necromancy
 + Level 1.8 Translocations
 + Level 1.8 Transmutations
 + Level 1.8 Fire Magic
 + Level 1.8 Ice Magic
 + Level 1.8 Air Magic
 + Level 1.8 Earth Magic
 + Level 1.8 Poison Magic
 + Level 2.4 Invocations
 + Level 2.2 Evocations


You had 10 spell levels left.
You didn't know any spells.
Your spell library was empty.

Dungeon Overview and Level Annotations

Branches:
Dungeon (4/15)
 Temple: D:4-7

Altars:

Shops:
D:2 (


Innate Abilities, Weirdness & Mutations

You have very sharp teeth.
Your uncanny sense of smell can sniff out nearby items.
Your experience applies equally to all skills.


Message History

You kill the orc!
Trog accepts your kill.
You miss the orc wizard. You completely miss the orc warrior.
You hit the orc but do no damage. The orc hits you with a +0 club.
The orc wizard barely misses you.
The orc warrior hits you with a +0 short sword!
The orc barely misses you.
You are too injured to fight recklessly!
You are too injured to fight recklessly!
Unknown command.
You barely miss the orc wizard. Your bite misses the orc wizard.
You hit the goblin. You hit the orc.
You kill the orc!
Trog accepts your kill.
You closely miss the orc warrior.
The orc wizard hits you with a +0 dagger.
The orc warrior closely misses you. The goblin hits you with a +0 dagger.
* * * LOW HITPOINT WARNING * * *
The orc wizard barely misses you.
The orc warrior hits you with a +0 short sword!
* * * LOW HITPOINT WARNING * * *
The goblin misses you.
You slash the orc wizard! You bite the orc wizard.
The orc wizard is heavily wounded.
You barely miss the goblin.
You hit the orc warrior but do no damage.
The orc wizard closely misses you.
The orc warrior hits you with a +0 short sword!
* * * LOW HITPOINT WARNING * * *
The goblin hits you but does no damage.
You barely miss the orc wizard. Your bite misses the orc wizard.
The orc wizard is heavily wounded.
You barely miss the orc warrior. You hit the goblin.
You kill the goblin!
Trog accepts your kill.
The orc wizard hits you but does no damage.
The orc warrior closely misses you.
The orc wizard hits you but does no damage.
The orc warrior hits you with a +0 short sword.
You die...

#### ..........#
.........#
.........# ........#
#########....... #
##.....##.....##..#
##...........o......
#.......)...@o...#
#..<....†...)J......
#.......†.#8..8#....
#........##....# ..#
#.......##......# .
#.......###$$$$##
##......# ######
##.....# ....
####..#


You could see an orc warrior, a jelly and an orc wizard.

Vanquished Creatures
  A necrophage (D:4)
  An ogre (D:4)
  A scorpion (D:3)
  A bullfrog skeleton (D:4)
  Ijyb (D:3)
  An orc wizard (D:3)
  A hound skeleton (D:4)
  3 adders (D:3)
  A worm (D:2)
  2 dart slugs
  13 orcs
  9 ball pythons
  7 bats
  4 endoplasms
  3 giant cockroaches
  9 goblins
  4 hobgoblins
  5 jackals
  2 quokkas
  4 frilled lizards (D:1)
  5 kobolds
  7 rats
85 creatures vanquished.

Notes
Turn   | Place    | Note
-------+----------+-------------------------------------------
     0 | D:1      | Kinoniko the Gnoll Berserker began the quest for the Orb.
     0 | D:1      | Reached XP level 1. HP: 23/23 MP: 1/1
   278 | D:1      | Reached XP level 2. HP: 20/29 MP: 2/2
   828 | D:1      | Reached XP level 3. HP: 35/35 MP: 3/3
  1379 | D:2      | Reached skill level 1 in Invocations
  1409 | D:2      | Reached ** piety under Trog
  1597 | D:2      | Found Orouwn's Antique Weapon Boutique.
  1769 | D:2      | Reached skill level 1 in Short Blades
  1769 | D:2      | Reached skill level 1 in Long Blades
  1769 | D:2      | Reached skill level 1 in Maces & Flails
  1769 | D:2      | Reached skill level 1 in Polearms
  1769 | D:2      | Reached skill level 1 in Staves
  1769 | D:2      | Reached skill level 1 in Slings
  1769 | D:2      | Reached skill level 1 in Bows
  1769 | D:2      | Reached skill level 1 in Crossbows
  1769 | D:2      | Reached skill level 1 in Throwing
  1769 | D:2      | Reached skill level 1 in Stealth
  1769 | D:2      | Reached skill level 1 in Shields
  1769 | D:2      | Reached skill level 1 in Unarmed Combat
  1769 | D:2      | Reached skill level 1 in Spellcasting
  1769 | D:2      | Reached skill level 1 in Evocations
  2027 | D:2      | Reached XP level 4. HP: 37/41 MP: 5/5
  2350 | D:3      | Noticed a scorpion
  2356 | D:3      | Killed a scorpion
  2357 | D:3      | Reached skill level 1 in Conjurations
  2357 | D:3      | Reached skill level 1 in Hexes
  2357 | D:3      | Reached skill level 1 in Summonings
  2357 | D:3      | Reached skill level 1 in Necromancy
  2357 | D:3      | Reached skill level 1 in Translocations
  2357 | D:3      | Reached skill level 1 in Transmutations
  2357 | D:3      | Reached skill level 1 in Fire Magic
  2357 | D:3      | Reached skill level 1 in Ice Magic
  2357 | D:3      | Reached skill level 1 in Air Magic
  2357 | D:3      | Reached skill level 1 in Earth Magic
  2357 | D:3      | Reached skill level 1 in Poison Magic
  2357 | D:3      | Reached XP level 5. HP: 47/47 MP: 5/7
  2417 | D:3      | HP: 3/70 [goblin/+1 dagger of electrocution (20)]
  2886 | D:3      | Noticed Ijyb
  2898 | D:3      | Killed Ijyb
  3163 | D:3      | Reached XP level 6. HP: 53/53 MP: 8/8
  3173 | D:3      | Found a faded altar of an unknown god.
  3420 | D:4      | Noticed a necrophage
  3427 | D:4      | Reached skill level 5 in Armour
  3427 | D:4      | Reached skill level 5 in Dodging
  3434 | D:4      | Killed a necrophage
  3440 | D:4      | Reached *** piety under Trog
  3441 | D:4      | Reached XP level 7. HP: 59/59 MP: 10/10
  3452 | D:4      | HP: 2/59 [orc warrior/+0 short sword (9)]
  3453 | D:4      | Slain by an orc warrior

Illustrated notes

Levels and vault maps discovered:
D:1:      nagdon_arrival_zigzag_paths, layout_basic
D:2:      layout_rooms, serial_shops, nicolae_shop_waterfront
D:3:      layout_basic, basic_ecumenical_altar, st_stairs_4, uniq_ijyb
D:4:      layout_rooms, jmf_multi_god_temple2, jmf_multi_god_temple,
          ebering_ghost_inner_flame, uniq_robin, uniq_crazy_yiuf_cottage,
          uniq_blork_the_orc

Skill      XL: |  1  2  3  4  5  6 |
---------------+-------------------+-----
Invocations    | 1 2 |  2.4
Short Blades   | 1 2 |  2.2
Long Blades    | 1 2 |  2.2
Maces & Flails | 1 2 |  2.2
Polearms       | 1 2 |  2.2
Staves         | 1 2 |  2.2
Slings         | 1 2 |  2.2
Bows           | 1 2 |  2.2
Crossbows      | 1 2 |  2.2
Throwing       | 1 2 |  2.2
Stealth        | 1 2 |  2.2
Shields        | 1 2 |  2.2
Unarmed Combat | 1 2 |  2.2
Spellcasting   | 1 2 |  2.2
Evocations     | 1 2 |  2.2
Conjurations   | 1 |  1.8
Hexes          | 1 |  1.8
Summonings     | 1 |  1.8
Necromancy     | 1 |  1.8
Translocations | 1 |  1.8
Transmutations | 1 |  1.8
Fire Magic     | 1 |  1.8
Ice Magic      | 1 |  1.8
Air Magic      | 1 |  1.8
Earth Magic    | 1 |  1.8
Poison Magic   | 1 |  1.8
Armour         | 5 |  5.1
Dodging        | 5 |  5.1
Fighting       | |  6.9
Axes           | |  6.9

Action                   |  1- 3 |  4- 6 |  7- 9 || total
-------------------------+-------+-------+-------++-------
Melee: Hand axe          |   131 |   112 |     7 ||   250
       Bite              |    11 |     9 |     1 ||    21
       Punch             |       |     1 |       ||     1
Invok: Berserk           |       |     5 |       ||     5
       Trog's Hand       |       |       |     1 ||     1
Armor: Animal skin       |     4 |       |       ||     4
       Leather armour    |    21 |       |       ||    21
       Chain mail        |       |    39 |     9 ||    48
Dodge: Dodged            |    98 |    62 |    20 ||   180

Table legend: (Time is in decaauts)
 A = Elapsed time spent in this place.
 B = Non-inter-level travel time spent in this place.
 C = Inter-level travel time spent in this place.
 D = Time resting spent in this place.
 E = Time spent auto-exploring this place.
 F = Levels seen in this place.
 G = Mean time per level.
                   A        B        C        D        E       F      G
               +--------+--------+--------+--------+--------+-----+--------+
         Total |   3490 |   3384 |    106 |    573 |   2293 |   4 |  872.5 |
       Dungeon |   3490 |   3384 |    106 |    573 |   2293 |   4 |  872.5 |
               +--------+--------+--------+--------+--------+-----+--------+

Top non-repeatable levels by time:
     D:1: 1264 daAuts
     D:3: 1167 daAuts
     D:2: 1023 daAuts
     D:4: 35 daAuts
